 Dungeon Crawl Stone Soup version 0.27-a0-1188-g73eefd5def (webtiles) character file.

Game seed: 14234071771468127287

77239 leviel the Severer (level 15, -1/201 HPs)
             Began as a Minotaur Monk on May 21, 2021.
             Was an Elder of Jiyva.
             Slain by an entropy weaver (5 damage)
             ... on level 1 of the Spider Nest.
             The game lasted 00:50:08 (30740 turns).

leviel the Severer (Minotaur Monk)                 Turns: 30740, Time: 00:50:09

Health: -1/201     AC: 20    Str: 25    XL:     15   Next: 14%
Magic:  24/24      EV: 14    Int:  9    God:    Jiyva [****..]
Gold:   1249       SH:  5    Dex: 12    Spells: 14/14 levels left

rFire    + . .     SeeInvis +   d - +7 battleaxe (freeze)
rCold    + . .     Faith    .   (shield currently unavailable)
rNeg     . . .     Spirit   .   L - +4 plate armour {rC+}
rPois    .         Reflect  +   (helmet restricted)
rElec    .         Harm     .   A - +2 cloak
rCorr    +         Rampage  +   q - +2 pair of gloves
Will     +....                  F - +2 pair of boots
Stlth    ..........             v - amulet "Qylitel" {Reflect Rampage rF+ Int+2 SH+5}
HPRegen  0.43/turn              i - +4 ring of evasion
MPRegen  0.19/turn              y - ring of see invisible

@: berserking, corroded, very quick
A: horns 2, retaliatory headbutt, clever 1, mutation resistance 1, acidic bite,
jelly sensing items
a: Renounce Religion, Request Jelly, Slimify


You were on level 1 of the Spider Nest.
You worshipped Jiyva.
Jiyva was greatly pleased with you.
You visited 5 branches of the dungeon, and saw 26 of its levels.
You also visited: Sewer and Ossuary.

You collected 2133 gold pieces.
You spent 884 gold pieces at shops.

Inventory:

Hand Weapons
 d - a +7 battleaxe of freezing (weapon)
 g - a +1 executioner's axe of freezing
 u - a +2 war axe of flaming
Missiles
 a - 6 curare-tipped darts (quivered)
Armour
 l - a scarf of resistance
 q - a +2 pair of gloves (worn)
 A - a +2 cloak (worn)
 F - a +2 pair of boots (worn)
 L - a +4 plate armour of cold resistance (worn)
Jewellery
 i - a +4 ring of evasion (left hand)
 m - a +6 ring of intelligence
 v - the amulet "Qylitel" (around neck) {Reflect Rampage rF+ Int+2 SH+5}
   (You acquired it on level 10 of the Dungeon)

   [amulet of reflection]

   It reflects blocked missile attacks.
   It affects your intelligence (+2).
   It protects you from fire.
   It affects your SH (+5).
   It bestows one free step when moving towards enemies.
 y - a ring of see invisible (right hand)
 E - a +4 ring of protection
Wands
 r - a wand of digging (9)
 B - a wand of polymorph (8)
 C - a wand of mindburst (17)
 H - a wand of flame (15)
 J - a wand of iceblast (22)
Scrolls
 n - a scroll of acquirement
 p - 3 scrolls of fog
 w - a scroll of identify {@r1}
 G - 2 scrolls of amnesia
 I - 3 scrolls of teleportation
 K - a scroll of fear
 M - a scroll of enchant armour {@r2}
Potions
 c - 6 potions of curing
 e - a potion of might
 h - 2 potions of mutation
 j - 2 potions of brilliance
 k - 7 potions of flight
 o - 4 potions of lignification
 x - 2 potions of berserk rage
 z - 2 potions of attraction {unknown}
 D - 2 potions of ambrosia {unknown}


   Skills:
 - Level 12.8 Fighting
 - Level 17.0 Axes
 - Level 1.9 Armour
 - Level 12.0 Dodging
 - Level 1.8 Stealth
 - Level 0.9 Shields
 + Level 13.9 Invocations
 - Level 9.2 Evocations


You had 14 spell levels left.
You didn't know any spells.
Your spell library contained the following spells:

 Spells                   Type           Power      Damage    Failure   Level
 Foxfire                  Conj/Fire      0%         2x1d4     100%        1
 Freeze                   Ice            0%         1d3       100%        1
 Magic Dart               Conj           0%         1d3       100%        1
 Blink                    Tloc           N/A        N/A       100%        2
 Call Imp                 Summ           0%         N/A       100%        2
 Searing Ray              Conj           0%         3d3       100%        2
 Slow                     Hex            0%         N/A       100%        2
 Conjure Flame            Conj/Fire      0%         6-21      100%        3
 Dazzling Flash           Conj/Hex       0%         N/A       100%        3
 Frozen Ramparts          Ice            0%         1d2       100%        3
 Mephitic Cloud           Conj/Pois/Air  0%         N/A       100%        3
 Ozocubu's Armour         Ice            0%         N/A       100%        3
 Cause Fear               Hex            0%         N/A       100%        4
 Fulminant Prism          Conj/Hex       0%         3d6       100%        4
 Hailstorm                Conj/Ice       0%         3d3       100%        4
 Iskenderun's Mystic Bla  Conj/Tloc      0%         2d3       100%        4
 Bolt of Magma            Conj/Fire/Erth 0%         4d4       100%        5
 Iskenderun's Battlesphe  Conj           0%         2d6       100%        5
 Metabolic Englaciation   Hex/Ice        0%         N/A       100%        5
 Iron Shot                Conj/Erth      0%         9d1       100%        6
 Simulacrum               Ice/Necr       0%         N/A       100%        6
 Dragon Form              Tmut           0%         N/A       100%        7
 Orb of Destruction       Conj           0%         N/A       100%        7
 Spellforged Servitor     Conj/Summ      0%         N/A       100%        7
 Dragon's Call            Summ           0%         N/A       100%        9


Dungeon Overview and Level Annotations

Branches:
Dungeon (13/15)            Temple (1/1) D:7            Lair (6/6) D:11
 Shoals (0/4) Lair:3       Spider (1/4) Lair:2        Slime (5/5) Lair:5
    Orc (0/2) D:10         Vaults (0/5) D:13          Sewer (visited)
Ossuary (visited)

Altars:
Ashenzari
Cheibriados
Dithmenos
Elyvilon
Fedhas
Gozag
Hepliaklqana
Kikubaaqudgha
Makhleb
Nemelex Xobeh
Okawaru
Qazlal
Ru
Sif Muna
Trog
Uskayaw
Vehumet
Wu Jian
Xom
Yredelemnul
Zin
The Shining One
Jiyva

Shops:
D:10 [

Annotations:
D:7 1 runed translucent door, Crazy Yiuf
Slime:5 Royal Jelly


Innate Abilities, Weirdness & Mutations

You have a pair of horns on your head.
You reflexively headbutt those who attack you in melee.
Your mind is acute. (Int +2)
You are somewhat resistant to further mutation.
You have acidic saliva.
You have a small jelly attached to you that senses nearby items.


Message History

The wolf spider hits you.
* * * LOW HITPOINT WARNING * * *
You block the wolf spider's attack.
You feel much better.
You hear an angry hiss.
The wolf spider hits you!
* * * LOW HITPOINT WARNING * * *
The wolf spider closely misses you.
The entropy weaver hits you but does no damage. x3
The entropy weaver hits you.
* * * LOW HITPOINT WARNING * * *
The wolf spider barely misses you. The wolf spider closely misses you.
The entropy weaver hits you.
* * * LOW HITPOINT WARNING * * *
The entropy weaver misses you. The entropy weaver barely misses you.
The entropy weaver hits you but does no damage.
A red film seems to cover your vision as you go berserk!
You feel yourself moving faster!
You feel mighty!
You hear an angry hiss.
The wolf spider hits you!
* * * LOW HITPOINT WARNING * * *
The wolf spider misses you.
You hear an angry hiss.
The entropy weaver hits you.
* * * LOW HITPOINT WARNING * * *
The entropy weaver hits you but does no damage.
The entropy weaver completely misses you. x2
You hit the entropy weaver. You freeze the entropy weaver.
You headbutt the entropy weaver, but do no damage.
Your bite misses the entropy weaver.
The entropy weaver is lightly wounded.
You slice the tarantella!! You freeze the tarantella!
You slash the wolf spider! You freeze the wolf spider.
The wolf spider hits you but does no damage.
You block the wolf spider's attack. The tarantella bites you!
* * * LOW HITPOINT WARNING * * *
You hear an angry hiss.
The entropy weaver closely misses you.
The entropy weaver barely misses you. x2
The entropy weaver hits you.
You die...

#########
#.......# .#
.#.......#...##
........@.....!.
.......ssB......
................
...###.##...#...
.# #. ...# s^ ..
#### . ... ...


You could see an entropy weaver, a wolf spider, a jumping spider and a
tarantella.

Vanquished Creatures
  An azure jelly (Slime:2)
  A ghost moth (Spider:1)
  4 boulder beetles
  6 hydras
  Harold (D:7)
  3 catoblepae
  3 centaur warriors
  7 two-headed ogres
  3 death yaks (Lair:5)
  Urug (D:11)
  Sonja (D:10)
  3 orb spiders (Spider:1)
  5 oklob plants
  4 wolf spiders (Spider:1)
  2 manticores
  3 ugly things
  4 cyclopes
  10 elephants
  A shining eye (Slime:2)
  A salamander (shapeshifter) (D:13)
  An eye of devastation (Slime:2)
  Maurice (D:13)
  2 black mambas (Lair:2)
  2 merfolk sirens (Lair:3)
  Maggie (D:7)
  11 cane toads
  A freezing wraith (D:12)
  4 unseen horrors
  4 rime drakes
  2 komodo dragons
  An efreet (D:12)
  A demonic crawler (Spider:1)
  A troll (shapeshifter) (D:12)
  2 jumping spiders (Spider:1)
  2 merfolk (Lair:3)
  6 hornets
  A wind drake (shapeshifter) (D:12)
  5 trolls
  6 polar bears
  4 meliai
  A dream sheep (Lair:6)
  A raiju (shapeshifter) (D:12)
  18 blink frogs
  11 slime creatures
  3 centaur simulacra (D:12)
  11 redbacks (Spider:1)
  A tarantella (shapeshifter) (D:12)
  5 wraiths
  7 tarantellas (Spider:1)
  A vampire (D:13)
  15 spriggans (Lair:6)
  6 wyverns
  28 yaks
  A shadow (D:9)
  2 basilisks
  3 vampire mosquitoes
  Edmund (D:6)
  12 water moccasins
  2 acid dragons
  2 sky beasts (D:6)
  6 black bears
  8 orc warriors
  A hornet zombie (D:9)
  An ice beast (D:7)
  2 necrophages
  2 ogres (D:6)
  2 boggarts (Lair:6)
  A lemure (D:6)
  17 centaurs
  34 wolves
  4 kobold brigands
  2 gnoll sergeants
  6 bullfrogs
  An elf zombie (D:5)
  A water moccasin zombie (D:5)
  2 scorpions (D:6)
  10 killer bees
  12 wights (D:8)
  2 howler monkeys (D:7)
  7 electric eels
  4 centaur zombies
  3 bullfrog zombies
  A gnoll shaman (D:7)
  5 orc priests
  6 hounds
  3 jellies
  3 human skeletons (D:5)
  Terence (D:2)
  2 iguanas
  2 orc wizards
  A hound skeleton (D:5)
  A howler monkey zombie (D:8)
  3 mummies (Ossuary)
  10 gnolls
  6 adders
  A howler monkey skeleton (D:7)
  A river rat (D:4)
  3 white imps (D:7)
  4 adder zombies (Ossuary)
  2 worms (D:4)
  6 dart slugs
  33 orcs
  9 endoplasms
  4 giant cockroaches
  A gnoll zombie (Ossuary)
  2 goblins (D:4)
  10 hobgoblins
  13 jackals
  4 quokkas
  9 ball pythons
  6 bats
  4 frilled lizards
  A goblin zombie (Ossuary)
  7 hobgoblin zombies (Ossuary)
  19 kobolds
  A kobold zombie (Ossuary)
  2 orc skeletons (D:5)
  12 rats
  4 rat zombies (Ossuary)
  A spectral orc (D:10)
584 creatures vanquished.

Vanquished Creatures (collateral kills)
  Pikel (D:6)
  A bullfrog (D:6)
  A scorpion (D:6)
3 creatures vanquished.

Vanquished Creatures (others)
  A boulder beetle (D:13)
  A centaur warrior (D:13)
  2 tengu warriors
  A death yak (Lair:5)
  2 cyclopes (D:13)
  An ugly thing (D:13)
  14 slime creatures
  A kobold demonologist (D:12)
  2 tengu conjurers
  A troll (D:12)
  A meliai (D:12)
  A shadow (D:12)
  A vampire (D:12)
  A tarantella (Spider:1)
  A yak (Lair:6)
  A basilisk (Lair:5)
  A boggart (Lair:6)
  6 wolves (Lair:6)
  2 bullfrogs
  39 jellies
  130 fungi
  247 plants
  2 withered plants (D:4)
459 creatures vanquished.

Grand Total: 1046 creatures vanquished

Notes
Turn   | Place    | Note
-------+----------+-------------------------------------------
     0 | D:1      | leviel the Minotaur Monk began the quest for the Orb.
     0 | D:1      | Reached XP level 1. HP: 19/19 MP: 0/0
    87 | D:1      | Reached skill level 4 in Axes
    87 | D:1      | Reached XP level 2. HP: 26/27 MP: 1/1
   444 | D:1      | Found a faded altar of an unknown god.
   705 | D:1      | Reached XP level 3. HP: 30/33 MP: 2/2
  1423 | D:2      | Noticed Terence
  1433 | D:2      | Killed Terence
  1434 | D:2      | Reached skill level 1 in Armour
  1434 | D:2      | Reached XP level 4. HP: 9/40 MP: 3/3
  2554 | D:3      | Reached skill level 5 in Axes
  2554 | D:3      | Reached XP level 5. HP: 44/47 MP: 4/4
  2594 | D:3      | You fall into a shaft and drop 2 floors!
  2594 | D:5      | Entered Level 5 of the Dungeon
  2645 | D:5      | Found the +3 robe of Clouds {+Thunder rCloud rElec}
  3038 | D:5      | Found a sand-covered staircase.
  3053 | D:5      | Reached XP level 6. HP: 46/55 MP: 5/5
  3055 | Ossuary  | Entered an ossuary
  3061 | Ossuary  | Reached skill level 5 in Fighting
  3063 | Ossuary  | Reached skill level 6 in Axes
  3917 | D:5      | Identified a scroll of acquirement
  3917 | D:5      | Acquired 973 gold pieces
  3947 | D:5      | Reached skill level 5 in Dodging
  4271 | D:6      | Noticed Edmund
  4315 | D:4      | Reached XP level 7. HP: 57/61 MP: 6/6
  4343 | D:4      | Found an ancient bone altar of Kikubaaqudgha.
  4443 | D:4      | Reached skill level 7 in Axes
  4653 | D:4      | Found a glowing drain.
  4673 | Sewer    | Entered a sewer
  4768 | Sewer    | Reached skill level 1 in Evocations
  5442 | D:6      | Reached skill level 8 in Axes
  5442 | D:6      | Reached XP level 8. HP: 52/70 MP: 7/7
  5744 | D:6      | Killed Edmund
  5871 | D:6      | Reached skill level 9 in Axes
  6097 | D:6      | Noticed Pikel
  6137 | D:6      | Killed Pikel
  6388 | D:6      | Reached XP level 9. HP: 79/79 MP: 8/8
  6697 | D:7      | Noticed Harold
  6900 | D:3      | Reached skill level 10 in Axes
  6961 | D:3      | Found a radiant altar of Vehumet.
  7536 | D:7      | Found a runed translucent door.
  7537 | D:7      | Noticed Crazy Yiuf
  7611 | D:7      | Acquired a +6 battleaxe of freezing
  7622 | D:7      | Killed Harold
  7693 | D:7      | Reached skill level 11 in Axes
  8300 | D:7      | Found a staircase to the Ecumenical Temple.
  8311 | D:7      | Noticed an eight-headed hydra
  8327 | D:7      | Killed a two-headed hydra
  8328 | D:7      | Reached XP level 10. HP: 68/90 MP: 9/9
  8345 | Temple   | Entered the Ecumenical Temple
  8459 | Temple   | Became a worshipper of Elyvilon the Healer
  8459 | Temple   | Reached * piety under Elyvilon
  8459 | Temple   | Reached ** piety under Elyvilon
  8509 | D:7      | Reached skill level 5 in Evocations
  8792 | D:7      | Noticed Maggie
  8804 | D:7      | Killed Maggie
  9305 | D:8      | Reached skill level 12 in Axes
 10003 | D:9      | Reached *** piety under Elyvilon
 10036 | D:9      | Found a blossoming altar of Fedhas.
 10045 | D:9      | Found a stormy altar of Qazlal.
 10231 | D:9      | Found a bloodstained altar of Trog.
 10235 | D:9      | Found a shimmering altar of Xom.
 10240 | D:9      | Found an ornate altar of the Wu Jian Council.
 10496 | D:9      | Reached **** piety under Elyvilon
 10644 | D:9      | Noticed a two-headed ogre
 10652 | D:9      | Killed a two-headed ogre
 11134 | D:9      | Reached skill level 13 in Axes
 11202 | D:10     | Entered Level 10 of the Dungeon
 11278 | D:10     | Found a basalt altar of Yredelemnul.
 11353 | D:10     | Reached XP level 11. HP: 99/99 MP: 10/10
 11373 | D:10     | Found Horirgh's Antique Armour Emporium.
 11379 | D:10     | Bought a runed plate armour for 884 gold pieces
 11392 | D:10     | Reached skill level 10 in Fighting
 11437 | D:10     | Noticed Sonja
 11438 | D:10     | Noticed a catoblepas
 11444 | D:10     | Killed Sonja
 11448 | D:10     | Killed a catoblepas
 12160 | D:10     | Found a staircase to the Orcish Mines.
 12365 | D:10     | Found a shadowy altar of Dithmenos.
 12768 | D:10     | Acquired the amulet "Qylitel" {Reflect Rampage rF+ Int+2
                  | SH+5}
 12780 | D:11     | Noticed a two-headed ogre
 12790 | D:11     | Reached skill level 14 in Axes
 12792 | D:11     | Killed a two-headed ogre
 12793 | D:11     | Reached skill level 10 in Dodging
 12802 | D:11     | Noticed a two-headed ogre
 12806 | D:11     | Noticed Urug
 12808 | D:11     | Killed a two-headed ogre
 12826 | D:11     | Killed Urug
 13251 | D:11     | Reached ***** piety under Elyvilon
 13302 | D:11     | Reached XP level 12. HP: 69/110 MP: 5/11
 13304 | D:11     | Noticed a centaur warrior
 13314 | D:11     | Killed a centaur warrior
 13674 | D:11     | Found a staircase to the Lair.
 13688 | D:11     | Acquired a +1 executioner's axe of freezing
 13713 | D:11     | Noticed a two-headed ogre
 13757 | Lair:1   | Entered Level 1 of the Lair of Beasts
 13782 | Lair:1   | Reached skill level 15 in Axes
 15534 | Lair:2   | Found a hole to the Spider Nest.
 15669 | Lair:2   | Identified Sif Muna's Volume of the Snowflakes
 16488 | Lair:2   | Noticed a seven-headed hydra
 16497 | Lair:2   | Killed a nine-headed hydra
 16498 | Lair:2   | Reached skill level 16 in Axes
 17532 | Lair:3   | Reached XP level 13. HP: 98/118 MP: 12/12
 17600 | Lair:3   | Reached ****** piety under Elyvilon
 18084 | Lair:3   | Found a staircase to the Shoals.
 19810 | Lair:4   | You fall into a shaft and drop 2 floors!
 19810 | Lair:6   | Entered Level 6 of the Lair of Beasts
 19836 | Lair:5   | Found a staircase to the Slime Pits.
 20197 | Lair:5   | Reached skill level 17 in Axes
 20231 | Slime:1  | Entered Level 1 of the Pits of Slime
 20246 | Slime:1  | Gained mutation: You are clumsy. (Dex -2) [a shining eye]
 20247 | Slime:1  | Reached skill level 1 in Invocations
 20248 | Slime:1  | Noticed an azure jelly
 20472 | Slime:2  | Noticed an azure jelly
 20482 | Slime:2  | Killed an azure jelly
 20483 | Slime:2  | Reached skill level 5 in Invocations
 20632 | Slime:3  | Found a viscous altar of Jiyva.
 20636 | Slime:3  | Noticed an acid blob
 20641 | Slime:3  | Fell from the grace of Elyvilon
 20641 | Slime:3  | Became a worshipper of Jiyva Jiskiny the Shapeless
 20861 | Slime:3  | Noticed an acid blob
 21082 | Slime:5  | Entered Level 5 of the Pits of Slime
 21082 | Slime:5  | Noticed a quicksilver ooze
 21082 | Slime:5  | Noticed a rockslime
 21082 | Slime:5  | Noticed an azure jelly
 21102 | Slime:5  | Noticed an azure jelly
 21107 | Slime:5  | Noticed an acid blob
 21124 | Slime:5  | Noticed a rockslime
 21132 | Slime:5  | Noticed a rockslime
 21139 | Slime:5  | Noticed the Royal Jelly
 21177 | Slime:5  | Noticed an acid blob
 21184 | Slime:5  | Noticed a quicksilver ooze
 21207 | Slime:5  | Noticed a rockslime
 21212 | Slime:5  | Noticed an acid blob
 21235 | Slime:5  | Noticed an acid blob
 21243 | Slime:5  | Noticed a quicksilver ooze
 21244 | Slime:5  | Noticed a quicksilver ooze
 21260 | Slime:5  | Noticed an acid blob
 21269 | Slime:5  | Found a viscous altar of Jiyva.
 21573 | Slime:2  | Noticed an acid blob
 21680 | Slime:1  | Noticed an acid blob
 21738 | Slime:1  | Noticed an acid blob
 22045 | Lair:5   | Reached * piety under Jiyva
 23756 | Lair:6   | Reached XP level 14. HP: 124/127 MP: 18/18
 24613 | Lair:6   | Reached skill level 10 in Invocations
 24941 | Lair:6   | Reached ** piety under Jiyva
 27094 | D:11     | Reached *** piety under Jiyva
 27094 | D:11     | Gained mutation: You have a small jelly attached to you
                  | that senses nearby items. [Jiyva's grace]
 27137 | D:11     | Gained mutation: You are somewhat resistant to further
                  | mutation. [Jiyva's grace]
 27140 | D:11     | Reached **** piety under Jiyva
 27220 | D:11     | Gained mutation: You have acidic saliva. [Jiyva's grace]
 27227 | D:11     | Reached ***** piety under Jiyva
 27834 | D:12     | Gained mutation: Your mind is acute. (Int +2) [Jiyva's
                  | grace]
 28201 | D:12     | Identified the +11 hunting sling "Kekonk" {vorpal, Int+4
                  | Dex+4}
 28337 | D:12     | Found a faded altar of an unknown god.
 28340 | D:12     | Found a faded altar of an unknown god.
 28340 | D:12     | Found a faded altar of an unknown god.
 28342 | D:12     | Found a hazy altar of Hepliaklqana.
 28586 | D:13     | Lost mutation: You are clumsy. (Dex -2) [Jiyva's power]
 28889 | D:13     | Noticed Maurice
 28895 | D:13     | Killed Maurice
 29095 | D:13     | Noticed an ironbound preserver
 29105 | D:13     | Slimified an ironbound preserver
 29105 | D:13     | Noticed an azure jelly
 29105 | D:13     | an ironbound preserver changed into an azure jelly
 29783 | D:13     | Found a gate to the Vaults.
 29858 | Spider:1 | Entered Level 1 of the Spider Nest
 30236 | Spider:1 | Noticed a ghost moth
 30247 | Spider:1 | Killed a ghost moth
 30248 | Spider:1 | Reached XP level 15. HP: 126/134 MP: 0/24
 30740 | Spider:1 | HP: 4/201 [tarantella (10)]
 30740 | Spider:1 | Slain by an entropy weaver

Illustrated notes

Levels and vault maps discovered:
D:1:      amcnicky_arrival_double_pillar, layout_basic,
          shapermc_ecumenical_altar_mp_urbaneastern
D:2:      layout_rooms, serial_glass, glass_columns_a, glass_columns_a,
          glass_columns_a, glass_columns_a, glass_columns_b,
          hangedman_abyss_or_decor_stabs, uniq_terence
D:3:      layout_loops_ring, nicolae_overflow_crystal_walls,
          minmay_misc_feat_roman, mrwooster_statue_mirror
D:4:      layout_loops_cross, kiku_gazebo_garden_becter, portal_sewer_entry_b
D:5:      layout_loops_ring, nicolae_ossuary_entry_catacombs
D:6:      layout_basic, serial_bayou, serial_bayou_pond_d, serial_bayou_pond_c,
          serial_bayou_lagoon_a, serial_bayou_crossing, uniq_pikel, uniq_edmund
D:7:      layout_basic, minmay_temple_entry_mist, serial_bayou,
          serial_bayou_ford_a, serial_bayou_lagoon_b, serial_bayou_pond_d,
          serial_bayou_pond_c, serial_bayou_shore_a, hangedman_decor_lopped,
          minmay_chambers_of_fives, uniq_harold, uniq_maggie,
          uniq_crazy_yiuf_cottage
D:8:      layout_basic
D:9:      layout_gridville, grunt_temple_overflow_forces_of_nature,
          grunt_temple_overflow_diamond
D:10:     layout_roguey, yredelemnul_forgotten_temple_becter,
          grunt_dithmenos_smoke_and_mirrors, david_orc_1_choice, serial_shops,
          nicolae_shop_crystal, minmay_bent, uniq_sonja
D:11:     layout_cave_pools, david_lair_generic, minmay_checkerbox, uniq_urug
D:12:     minmay_dotted_concentric_squares, layout_cave_pods,
          nicolae_hepliaklqana_ecumenical_no_more
D:13:     layout_roguey, skrybe_vaults_entry_preservation,
          gauntlet_entry_generic, uniq_maurice
Temple:   cyrus_circular_temple
Lair:1:   minmay_lair_oklob_tunnel, layout_cave_shapes, lemuel_fruit_fields,
          grunt_megastairs_5
Lair:2:   layout_loops_ring, dummy_spider_entry, minmay_lair_oklob_items
Lair:3:   layout_cave_pods, elwin_shoals_entry_stream
Lair:4:   layout_regular_city
Lair:5:   layout_loops_ring, slime_dummy, chequers_serial_rivers_micro_e
Lair:6:   minmay_lair_end_enchanted_forest, layout_misc_corridors, st_stairs_6,
          serial_bayou_shore_b
Spider:1: layout_spider_delve, nicolae_spider_some_kinda_spiderbox
Slime:1:  layout_caves
Slime:2:  layout_caves
Slime:3:  layout_caves, basic_altar
Slime:4:  layout_caves
Slime:5

Skill      XL: |  1  2  3  4  5  6  7  8  9 10 11 12 13 14 |
---------------+-------------------------------------------+-----
Axes           | 4 5 6 8 9 11 13 14 16 17 | 17.0
Fighting       | 4 5 6 7 8 9 11 12 | 12.8
Dodging        | 4 5 6 8 9 10 11 12 | 12.0
Armour         | 1 |  1.9
Evocations     | 1 3 4 6 7 8 9 |  9.2
Invocations    | 7 13 | 13.9
Stealth        | |  1.8
Shields        | |  0.9

Action                   |  1- 3 |  4- 6 |  7- 9 | 10-12 | 13-15 || total
-------------------------+-------+-------+-------+-------+-------++-------
Melee: Hand axe          |    81 |   157 |   238 |       |       ||   476
       Headbutt          |    20 |    37 |    49 |    85 |   126 ||   317
       Battleaxe         |       |       |    48 |   393 |   600 ||  1041
       War axe           |       |       |     6 |    21 |    27 ||    54
       Executioner's axe |       |       |       |     7 |       ||     7
       Bite              |       |       |       |       |    28 ||    28
Throw: Dart              |       |       |     2 |       |       ||     2
       Throwing net      |       |       |       |       |     4 ||     4
Invok: Lesser Healing    |       |       |       |     6 |       ||     6
       Greater Healing   |       |       |       |       |     7 ||     7
       Request Jelly     |       |       |       |       |    10 ||    10
       Slimify           |       |       |       |       |     2 ||     2
       Cure Bad Mutation |       |       |       |       |     1 ||     1
 Abil: Evoke Thunderclou |       |       |       |     3 |     3 ||     6
  Use: Scroll            |     1 |     8 |     6 |    17 |     4 ||    36
       Potion            |       |       |       |     2 |    12 ||    14
 Stab: Sleeping          |     2 |     3 |     2 |     9 |     1 ||    17
       Distracted        |       |       |     1 |     1 |       ||     2
Armor: Robe              |     4 |    31 |    74 |    89 |    42 ||   240
       Leather armour    |    21 |    10 |       |       |       ||    31
       Plate armour      |       |       |       |       |   261 ||   261
       Skin              |       |       |       |       |     3 ||     3
Dodge: Dodged            |    49 |    69 |   197 |   373 |   464 ||  1152
Block: Kite shield       |    14 |    56 |    93 |       |       ||   163
       Other             |       |       |       |    47 |   145 ||   192
       Reflection        |       |       |       |    13 |     4 ||    17

Table legend: (Time is in decaauts)
 A = Elapsed time spent in this place.
 B = Non-inter-level travel time spent in this place.
 C = Inter-level travel time spent in this place.
 D = Time resting spent in this place.
 E = Time spent auto-exploring this place.
 F = Levels seen in this place.
 G = Mean time per level.
                   A        B        C        D        E       F      G
               +--------+--------+--------+--------+--------+-----+--------+
         Total |  30844 |  29317 |   1527 |   6820 |  17572 |  28 | 1101.6 |
       Dungeon |  15566 |  14925 |    641 |   2847 |   9841 |  13 | 1197.4 |
        Temple |    123 |    115 |      8 |      0 |    111 |   1 |  123.0 |
          Lair |  12051 |  11321 |    730 |   3293 |   5800 |   6 | 2008.5 |
   Spider Nest |    529 |    529 |      0 |     24 |    355 |   1 |  529.0 |
    Slime Pits |   1519 |   1373 |    146 |    317 |    983 |   5 |  303.8 |
         Sewer |    448 |    448 |      0 |      0 |    318 |   1 |  448.0 |
       Ossuary |    606 |    606 |      0 |    338 |    163 |   1 |  606.0 |
               +--------+--------+--------+--------+--------+-----+--------+

Top non-repeatable levels by time:
  Lair:2: 2958 daAuts
  Lair:6: 2071 daAuts
  Lair:5: 1957 daAuts
  Lair:1: 1918 daAuts
    D:10: 1804 daAuts
  Lair:3: 1656 daAuts
     D:7: 1641 daAuts
  Lair:4: 1489 daAuts
     D:6: 1448 daAuts
     D:2: 1277 daAuts
    D:12: 1276 daAuts
     D:9: 1233 daAuts
    D:13: 1226 daAuts
     D:5: 1174 daAuts
     D:3: 1089 daAuts
